 Dungeon Crawl Stone Soup version 0.29-a0-1019-g84f7d21838 (webtiles) character file.

Game seed: 3017177777144986871

102 Sabo the Trooper (level 4, -2/29 HPs)
             Began as a Gargoyle Berserker on Aug 10, 2022.
             Was a Believer of Trog.
             Killed from afar by an orc wizard (3 damage)
             ... with a puff of flame
             ... on level 4 of the Dungeon.
             The game lasted 00:12:40 (3271 turns).

Sabo the Trooper (Gargoyle Berserker)               Turns: 3271, Time: 00:12:40

Health: -2/29      AC: 17    Str: 20    XL:     4   Next: 77%
Magic:  0/4        EV:  8    Int:  8    God:    Trog [**....]
Gold:   74         SH:  0    Dex: 11    Spells: 3/3 levels left

rFire   . . .      SeeInvis .   r - +2 scimitar (holy)
rCold   . . .      Faith    .   (no shield)
rNeg    + . .      Spirit   +   l - +0 chain mail
rPois   ∞          Reflect  .   (no helmet)
rElec   +          Harm     .   (no cloak)
rCorr   .          Rampage  .   (no gloves)
Will    .....                   e - +0 pair of boots
Stlth   ..........              m - amulet of guardian spirit
HPRegen 0.09/turn               n - +4 ring of protection
MPRegen 0.09/turn               (no ring)

@: no status effects
A: sickness immunity, AC +3, negative energy resistance 1, electricity
resistance, torment resistance 1, petrification resistance
a: Renounce Religion, Berserk, Trog's Hand


You were on level 4 of the Dungeon.
You worshipped Trog.
Trog was pleased with you.
You visited 1 branch of the dungeon, and saw 4 of its levels.

You collected 74 gold pieces.

Inventory:

Hand Weapons
 a - a +0 sling
 q - a +0 war axe
 r - a +2 scimitar of holy wrath (weapon)
Armour
 e - a +0 pair of boots (worn)
 l - a +0 chain mail (worn)
Jewellery
 m - an amulet of guardian spirit (around neck)
 n - a +4 ring of protection (left hand)
Scrolls
 c - a scroll of teleportation
 d - a scroll of vulnerability {unknown}
 f - a scroll of fear {unknown}
 p - 2 scrolls of blinking
Potions
 b - 4 potions of curing {unknown}
 g - 2 potions of might {unknown}
 h - a potion of ambrosia {unknown}
 i - a potion of heal wounds {unknown}
 o - a potion of invisibility {unknown}
 s - a potion of resistance {unknown}


   Skills:
 + Level 4.0 Fighting
 + Level 3.8 Axes
 + Level 3.0 Armour
 + Level 1.8 Dodging


You had 3 spell levels left.
You didn't know any spells.
Your spell library was empty.

Dungeon Overview and Level Annotations

Branches:
Dungeon (4/15)             Temple (0/1) D:4

Altars:
Qazlal

Annotations:
D:1 1 transporter


Innate Abilities, Weirdness & Mutations

You are immune to sickness and miasma.
Your stone body is resilient. (AC +3)
You are immune to poison.
You resist negative energy. (rN+)
You are resistant to electric shocks. (rElec)
You are resistant to unholy torment.
You are immune to petrification.


Message History

The orc hits you but does no damage.
The orc wizard hits you but does no damage.
The orc priest hits you but does no damage.
You hit the orc wizard.
The orc wizard is heavily wounded.
The orc wizard barely misses you. The orc hits you with a +0 dagger.
* * * LOW HITPOINT WARNING * * *
The orc hits you but does no damage.
The orc priest hits you but does no damage.
As you read the scroll of immolation, it crumbles to dust.
The creatures around you are filled with an inner flame!
The orc hits you but does no damage. The orc closely misses you.
The orc priest hits you with a +0 mace.
* * * LOW HITPOINT WARNING * * *
The orc wizard barely misses you.
You barely miss the orc wizard.
The orc wizard is heavily wounded.
The orc wizard closely misses you. The orc hits you but does no damage. x2
The orc priest hits you but does no damage.
The orc priest hits you with a +0 mace.
* * * LOW HITPOINT WARNING * * *
The orc wizard casts a spell.
The orc wizard flickers and vanishes!
Deactivating autopickup; reactivate with Ctrl-A.
The orc hits you but does no damage. x2
You barely miss the orc priest.
The orc priest is heavily wounded.
Something hits you but does no damage. The orc hits you but does no damage. x2
The orc priest hits you but does no damage.
You closely miss the orc priest.
The orc priest is heavily wounded.
Something hits you but does no damage. The orc hits you with a +0 dagger.
* * * LOW HITPOINT WARNING * * *
The orc barely misses you. The orc priest closely misses you.
You closely miss the orc priest.
The orc priest is heavily wounded.
You hear some strange, mumbled words.
A puff of flame appears from out of thin air!
The puff of flame hits you.
You die...

#################
##...##..o.......#
#....'(...@{.....#
#....#....oo......
#....#............
#....#............
#.>..#............
#....#...........####+#####
##...####+####.$.##.......#
#...##....########.......#
#...........#....#........


You could see an orc priest (inner flame) and 2 orcs.

Vanquished Creatures
  5 adders
  2 worms
  7 ball pythons
  4 bats
  5 endoplasms
  3 giant cockroaches
  A goblin (D:3)
  5 hobgoblins
  4 kobolds
  2 quokkas (D:1)
  3 frilled lizards
  12 rats
53 creatures vanquished.

Notes
Turn   | Place    | Note
-------+----------+-------------------------------------------
     0 | D:1      | Sabo the Gargoyle Berserker began the quest for the Orb.
     0 | D:1      | Reached XP level 1. HP: 14/14 MP: 1/1
   584 | D:1      | Reached XP level 2. HP: 18/19 MP: 2/2
  1416 | D:2      | Reached XP level 3. HP: 24/24 MP: 3/3
  1658 | D:2      | Found a stormy altar of Qazlal.
  1667 | D:2      | Reached ** piety under Trog
  2013 | D:2      | Reached XP level 4. HP: 29/29 MP: 4/4
  2036 | D:2      | Reached skill level 4 in Fighting
  2320 | D:3      | Found a faded altar of an unknown god.
  3208 | D:4      | Found a staircase to the Ecumenical Temple.
  3268 | D:4      | HP: 1/29 [orc priest/+0 mace (3)]
  3271 | D:4      | Killed from afar by an orc wizard

Illustrated notes

Levels and vault maps discovered:
D:1:      spicycebolla_arrival_transporter_tutorial, layout_rooms,
          serial_park_tiny_2
D:2:      layout_rooms, basic_altar
D:3:      layout_basic, hellmonk_ecumenical_altar_run_dry, chequers_garden
D:4:      layout_gridville, jmf_multi_god_temple, temple_pool_b

Skill      XL: |  1  2  3  4 |
---------------+-------------+-----
Axes           | 3 |  3.8
Fighting       | 4 |  4.0
Armour         | 3 |  3.0
Dodging        | |  1.8

Action                   |  1- 3 |  4- 6 || total
-------------------------+-------+-------++-------
Melee: Hand axe          |   128 |    44 ||   172
       Scimitar          |       |    31 ||    31
       Punch             |       |     2 ||     2
  Use: Scroll            |     1 |     4 ||     5
Armor: Animal skin       |     9 |       ||     9
       Scale mail        |    60 |     5 ||    65
       Ring mail         |     4 |       ||     4
       Chain mail        |       |    64 ||    64
Dodge: Dodged            |    78 |    35 ||   113

Table legend: (Time is in decaauts)
 A = Elapsed time spent in this place.
 B = Non-inter-level travel time spent in this place.
 C = Inter-level travel time spent in this place.
 D = Time resting spent in this place.
 E = Time spent auto-exploring this place.
 F = Levels seen in this place.
 G = Mean time per level.
                   A        B        C        D        E       F      G
               +--------+--------+--------+--------+--------+-----+--------+
         Total |   3312 |   3312 |      0 |   1281 |      0 |   4 |  828.0 |
       Dungeon |   3312 |   3312 |      0 |   1281 |      0 |   4 |  828.0 |
               +--------+--------+--------+--------+--------+-----+--------+

Top non-repeatable levels by time:
     D:1: 1426 daAuts
     D:3: 956 daAuts
     D:2: 863 daAuts
     D:4: 65 daAuts
